 Dungeon Sprint DCSS version 0.16-a0-3841-g2612308 (console) character file.

434 Monkaria the Severer (level 7, 0/73 HPs)
             Began as a Hill Orc Fighter on Jan 30, 2015.
             Was a Follower of Makhleb.
             Slain by a merfolk
             ... wielding the cursed +1 spear "Midoi" {freeze, -Tele rN+ MP+9}
              (6 damage)
             ... in the Dungeon (Sprint V: "Ziggurat Sprint").
             The game lasted 00:01:34 (370 turns).

Monkaria the Severer (Hill Orc Fighter)              Turns: 370, Time: 00:01:34

Health: 0/73       AC: 18    Str: 36    XL:     7   Next: 0%
Magic:  7/7        EV:  6    Int:  8    God:    Makhleb [*.....]
Gold:   0          SH:  0    Dex: 10    Spells: 0 memorised, 6 levels left

rFire  + . .     SeeInvis +     P - +14 obsidian axe {chop, +Fly Str+3 SInv Curse} (curse)
rCold  + . .     Clarity  .     l - +5 gold dragon armour
rNeg   . . .     SustAb   .     (no shield)
rPois  +         Gourm    .     (no helmet)
rElec  .         Spirit   .     (no cloak)
rCorr  .         Warding  .     (no gloves)
rMut   .         NoTele   +     (no boots)
MR     .....                    (no amulet)
Stlth  ..........               G - +6 ring of strength
                                F - +6 ring of strength

@: mesmerised, not resistant to hostile enchantments, extremely unstealthy
A: no striking features
a: Renounce Religion, Evoke Flight


You were in the Dungeon.
You worshipped Makhleb.
Makhleb was aware of your devotion.
You were not hungry.

You visited 1 branch

Inventory:

Hand weapons
 M - a +5 executioner's axe of chopping
 O - the +15 heavy crossbow "Sniper" {velocity, SInv}
   (You found it in the Dungeon)

   Any bolt fired from it inflicts extra damage.
   It enhances your eyesight.
 P - the cursed +14 obsidian axe (weapon) {chop, +Fly Str+3 SInv Curse}
   (You found it in the Dungeon)

   It inflicts extra damage upon your enemies.
   It affects your strength (+3).
   It enhances your eyesight.
   It lets you fly.
   It may recurse itself when equipped.
   It has a curse placed upon it.
 R - the +7 Singing Sword
   (You found it in the Dungeon)
 S - the +0 Sword of Power
   (You found it in the Dungeon)
 T - the +14 plutonium sword {Contam Stlth-}
   (You found it in the Dungeon)

   It causes magical contamination when unequipped.
   It makes you less stealthy.
Missiles
 N - 1000 bolts
Armour
 l - a +5 gold dragon armour (worn)
 Q - the +18 shield of the gong {rElec rN+ MR+ EV-5}
   (You found it in the Dungeon)

   It affects your evasion (-5).
   It insulates you from electricity.
   It protects you from negative energy.
   It affects your resistance to hostile enchantments.
Jewellery
 B - a +6 ring of dexterity
 E - a +6 ring of intelligence
 F - a +6 ring of strength (left hand)
 G - a +6 ring of strength (right hand)
Magical devices
 I - a wand of disintegration (7)
 J - a wand of fire (5)
 K - a wand of cold (5)
 L - a wand of draining (5)
Scrolls
 k - 4 scrolls of blinking
 s - 4 scrolls of amnesia
 t - 3 scrolls of recharging
 u - 7 scrolls of fog
 v - a scroll of holy word
 w - 5 scrolls of identify
 x - 5 scrolls of remove curse
 y - 2 scrolls of fear
Potions
 e - 6 potions of might
 f - 10 potions of curing
 g - 10 potions of heal wounds
 h - 6 potions of haste
 i - 7 potions of magic
 j - 3 potions of berserk rage
 m - 2 potions of brilliance
 n - 2 potions of invisibility
 o - 2 potions of restore abilities
 p - 3 potions of resistance
 r - 5 potions of agility
Miscellaneous
 H - a disc of storms
Comestibles
 d - 5 meat rations
 z - 42 fruits
 A - 4 bread rations


   Skills:
 + Level 10.8 Fighting
 * Level 15.0 Axes
 - Level 3.2 Armour
 - Level 3.2 Shields


You had 6 spell levels left.
You didn't know any spells.

Dungeon Overview and Level Annotations

Branches:
Dungeon (1/1)

Altars:
Ashenzari
Cheibriados
Dithmenos
Elyvilon
Fedhas
Gozag
Kikubaaqudgha
Makhleb
Nemelex Xobeh
Okawaru
Qazlal
Ru
Sif Muna
Trog
Vehumet
Xom
Yredelemnul
Zin
The Shining One
Beogh
Jiyva
Lugonu


Message History

You slash the merfolk!
The merfolk is moderately wounded.
The merfolk hits you but does no damage. x2
The merfolk hits you from afar with the cursed +1 spear "Midoi" {freeze, -Tele rN+ MP+9}.
You slice the merfolk!!
The merfolk is severely wounded.
The merfolk hits you from afar with a trident!
The merfolk hits you with a trident!
The merfolk hits you from afar with the cursed +1 spear "Midoi" {freeze, -Tele rN+ MP+9}!
The merfolk freezes you.
* * * LOW HITPOINT WARNING * * *
You cannot move away from the merfolk!
You slash the merfolk!
The merfolk is almost dead.
The merfolk hits you from afar with a trident!
* * * LOW HITPOINT WARNING * * *
The merfolk hits you with a trident!
* * * LOW HITPOINT WARNING * * *
The merfolk hits you from afar with the cursed +1 spear "Midoi" {freeze, -Tele rN+ MP+9}.
You die...

▓▓▓▓▓▓▓▓▓▓▓▓▓
▓.8©8.▓.8©8.▓
▓.)}|.▓.....▓
▓.....▓...:.▓
▓.m.m.▓.))..▓
▓..m..▓.....▓
▓..@..▓.....▓
▓.....▓▓▓▓▓▓▓
▓▓▓▓▓▓▓


You could see 3 merfolk.

Vanquished Creatures
  2 merfolk (D)
2 creatures vanquished.

Notes
Turn   | Place    | Note
--------------------------------------------------------------
     0 | D        | Monkaria, the Hill Orc Fighter, began the quest for the Orb.
     0 | D        | Reached XP level 1. HP: 19/19 MP: 1/1
     0 | D        | Found a basalt altar of Yredelemnul.
     0 | D        | Found an iron altar of Okawaru.
     0 | D        | Found a radiant altar of Vehumet.
     1 | D        | Found a shimmering altar of Xom.
     5 | D        | Found a corrupted altar of Lugonu.
     5 | D        | Found a burning altar of Makhleb.
     6 | D        | Found a viscous altar of Jiyva.
     6 | D        | Found a white marble altar of Elyvilon.
     8 | D        | Found a sparkling altar of Nemelex Xobeh.
     8 | D        | Found a deep blue altar of Sif Muna.
    12 | D        | Found a bloodstained altar of Trog.
    47 | D        | Became a worshipper of Makhleb the Destroyer
    77 | D        | Reached skill level 6 in Fighting
    77 | D        | Reached skill level 8 in Axes
    77 | D        | Reached XP level 2. HP: 23/30 MP: 2/2
   127 | D        | Entered arena 1.
   127 | D        | Noticed a merfolk
   127 | D        | Noticed a merfolk
   132 | D        | Killed a merfolk
   132 | D        | Reached skill level 9 in Fighting
   132 | D        | Reached skill level 13 in Axes
   132 | D        | Reached XP level 3. HP: 15/44 MP: 3/3
   132 | D        | Reached XP level 4. HP: 17/50 MP: 4/4
   132 | D        | Reached XP level 5. HP: 19/57 MP: 5/5
   133 | D        | Killed a merfolk
   133 | D        | Acquired Makhleb's first power
   133 | D        | Reached skill level 10 in Fighting
   133 | D        | Reached skill level 15 in Axes
   133 | D        | Reached XP level 6. HP: 21/67 MP: 6/6
   133 | D        | Reached XP level 7. HP: 22/73 MP: 7/7
   138 | D        | Identified the Tome of Companions (You found it in the Dungeon)
   362 | D        | Entered arena 2.
   362 | D        | Noticed a merfolk
   362 | D        | Noticed a merfolk
   362 | D        | Noticed a merfolk
   370 | D        | Identified the cursed +1 spear "Midoi" {freeze, -Tele rN+ MP+9}
   370 | D        | Slain by a merfolk

Action                   |  1- 3 |  4- 6 |  7- 9 || total
-------------------------+-------+-------+-------++-------
Melee: Broad axe         |     4 |     1 |     5 ||    10
  Use: Potion            |     2 |       |       ||     2
       Scroll            |       |       |     1 ||     1
